 Dungeon Crawl Stone Soup version 0.31.0-32-g396128a36d (webtiles) character file.

Game seed: 3523159306910918686

535 Fractals the Trooper (level 7, -1/61 (68) HPs)
             Began as a Naga Monk on Apr 5, 2024.
             Was a Believer of Elyvilon.
             Slain by a wight
             ... wielding a +3 great sword
              (8 damage)
             ... on level 4 of the Dungeon.
             The game lasted 00:10:25 (3566 turns).

Fractals the Trooper (Naga Monk)                    Turns: 3566, Time: 00:10:25

HP:   -1/61 (68)    AC: 16    Str: 16    XL:     7   Next: 25%
MP:   8/8           EV:  6    Int: 10    God:    Elyvilon [**....]
Gold: 165           SH:  0    Dex: 13    Spells: 6/6 levels left

rFire   . . .        c - +1 flail (protect)
rCold   . . .        d - orb {light}
rNeg    . . .        m - +0 chain mail
rPois   +            k - +0 helmet
rElec   .            i - +0 cloak
rCorr   .            (no gloves)
SInv    +            (no barding)
Will    .....        (no amulet) Stlth
                     (no ring)
HPRegen 0.30/turn    (no ring)
MPRegen 0.11/turn

%: no passive effects
@: under a protective aura, glowing, heavily drained, very slow
A: AC +2, large, see invisible, deformed body, poison resistance, slowness 2,
spit poison 1, naga tail 1
a: Spit Poison, Renounce Religion, Purification, Heal Other


You were on level 4 of the Dungeon.
You worshipped Elyvilon.
Elyvilon was pleased with you.
You visited 2 branches of the dungeon, and saw 5 of its levels.

You collected 165 gold pieces.

Inventory:

Hand Weapons
 a - a +0 falchion
 c - a +1 flail of protection (weapon)
Armour
 d - an orb of light (worn)
 i - a +0 cloak (worn)
 k - a +0 helmet (worn)
 m - a +0 chain mail (worn)
Wands
 o - a wand of quicksilver (6)
Scrolls
 g - a scroll of fog {unknown}
 j - a scroll of poison {unknown}
 l - 3 scrolls of enchant weapon
 n - a scroll of torment {unknown}
 q - a scroll of identify
 r - a scroll of immolation {unknown}
Potions
 e - 4 potions of curing
 f - a potion of heal wounds {unknown}
 h - a potion of enlightenment {unknown}
 p - a potion of haste {unknown}


   Skills:
 + Level 5.9 Fighting
 - Level 3.0 Long Blades
 - Level 3.0 Armour
 + Level 3.5 Dodging
 + Level 1.8 Invocations


You had 6 spell levels left.
You didn't know any spells.
Your spell library contained the following spells:

 Spells                   Type           Power      Damage    Failure   Level
 Sting                    Conj/Alch      0%         1d3       99%         1
 Mercury Vapours          Alch/Air       0%         N/A       100%        2
 Fugue of the Fallen      Necr           0%         N/A       100%        3
 Ozocubu's Armour         Ice            0%         N/A       100%        3
 Animate Dead             Necr           0%         N/A       100%        4
 Manifold Assault         Tloc           0%         N/A       100%        4
 Olgreb's Toxic Radiance  Alch           0%         N/A       100%        4
 Borgnjor's Vile Clutch   Necr/Erth      0%         N/A       100%        5
 Metabolic Englaciation   Hex/Ice        0%         N/A       100%        5
 Death Channel            Necr           0%         N/A       100%        6
 Sculpt Simulacrum        Ice/Alch       0%         N/A       100%        6


Dungeon Overview and Level Annotations

Branches:
Dungeon (4/15)             Temple (1/1) D:4

Altars:
Ashenzari
Cheibriados
Dithmenos
Elyvilon
Fedhas
Gozag
Hepliaklqana
Kikubaaqudgha
Makhleb
Okawaru
Qazlal
Ru
Sif Muna
Trog
Uskayaw
Vehumet
Xom
Yredelemnul
Zin
The Shining One

Shops:
D:1 *   D:2 =   D:3 (

Annotations:
D:3 1 runed translucent door, Crazy Yiuf
Temple 2 transporters


Innate Abilities, Weirdness & Mutations

Your serpentine skin is tough. (AC +2)
You have supernaturally acute eyesight. (SInv)
Armour fits poorly on your strangely shaped body.
Your system is resistant to poisons. (rPois)
You cover ground very slowly.
You can spit poison.
You have a snake-like lower body.


Message History

* * * LOW HITPOINT WARNING * * *
The wight barely misses you.
You feel better. The wight barely misses you.
As you read the scroll of teleportation, it crumbles to dust.
You feel strangely unstable. The wight completely misses you.
The wight throws a stone.
The stone hits you. The wight completely misses you.
You hit the wight but do no damage.
The wight is severely damaged.
Your surroundings seem slightly different.
The wight throws a stone.
The stone hits you but does no damage.
You slash the wight!
You destroy the wight!
You barely miss the wight.
The wight hits you with a +3 great sword.
* * * LOW HITPOINT WARNING * * *
You barely miss the wight.
The wight hits you with a +3 great sword!
* * * LOW HITPOINT WARNING * * *
You hit the wight.
The wight is lightly damaged.
The wight hits you with a +3 great sword.
* * * LOW HITPOINT WARNING * * *
You feel drained.
Okay, then.
As you read the scroll labelled BEABAY CIR UNN, it crumbles to dust.
It is a scroll of enchant weapon.
Your +0 flail of protection glows red for a moment.
The wight hits you with a +3 great sword!!
Elyvilon protects you from harm!
You feel drained.
* * * LOW HITPOINT WARNING * * *
Your +1 flail of protection hums with potential!
c - a +1 flail of protection (weapon)
The wight barely misses you.
You hit the wight.
Your weapon exudes an aura of protection.
The wight is lightly damaged.
The wight hits you with a +3 great sword!
You die...

######## #......# ###
#.####.######## ..## ###
#.z@.)...(....#
...####.######.####...####.#
....##...........##...# #.#
........####.#.#.##...####.#
....##### #....#...........#
...## #.....####...###..#
..## ##...........###..# .##
##.#.............### ...
#.#########.......##


You could see a wight.

Vanquished Creatures
  A black bear (D:4)
  2 scorpions
  A wight (D:4)
  A howler monkey (D:4)
  An orc priest (D:4)
  Terence (D:3)
  An orc wizard (D:4)
  Robin (D:3)
  An adder (D:3)
  4 ufetubi (D:4)
  5 dart slugs
  4 ribbon worms (D:2)
  8 orcs
  4 endoplasms
  A giant cockroach (D:3)
  16 goblins
  9 hobgoblins
  2 jackals (D:4)
  3 quokkas
  4 ball pythons
  7 bats
  2 frilled lizards (D:1)
  9 kobolds
  2 quokka zombies (D:4)
  6 rats
96 creatures vanquished.

Notes
Turn   | Place    | Note
-------+----------+-------------------------------------------
     0 | D:1      | Fractals the Naga Monk began the quest for the Orb.
     0 | D:1      | Reached XP level 1. HP: 21/21 MP: 1/1
   178 | D:1      | Reached XP level 2. HP: 24/28 MP: 2/2
   195 | D:1      | Found Joajurghagh's Assorted Antiques.
   288 | D:1      | Reached skill level 1 in Armour
   872 | D:2      | Reached XP level 3. HP: 28/34 MP: 3/3
  1358 | D:2      | Found Koemm's One-of-a-Kind Rings.
  1396 | D:2      | Noticed a scorpion
  1402 | D:2      | Killed a scorpion
  1403 | D:2      | Reached skill level 4 in Fighting
  1403 | D:2      | Reached XP level 4. HP: 35/44 MP: 4/4
  1655 | D:2      | Reached XP level 5. HP: 40/51 MP: 5/5
  2006 | D:3      | Noticed Terence
  2025 | D:3      | Killed Terence
  2167 | D:3      | Found Niureor's Weapon Shop.
  2274 | D:3      | Found a runed translucent door.
  2275 | D:3      | Noticed Crazy Yiuf
  2350 | D:3      | Noticed Robin
  2353 | D:3      | Killed Robin
  2405 | D:3      | Found an iron altar of Okawaru.
  2470 | D:3      | Reached skill level 5 in Fighting
  2584 | D:4      | Found a staircase to the Ecumenical Temple.
  2592 | D:4      | Reached XP level 6. HP: 51/61 MP: 6/6
  2597 | Temple   | Found a transporter.
  2597 | Temple   | Found a transporter.
  2597 | Temple   | Found a transporter.
  2597 | Temple   | Found a transporter.
  2597 | Temple   | Entered the Ecumenical Temple
  2610 | Temple   | Became a worshipper of Elyvilon the Healer
  2610 | Temple   | Reached * piety under Elyvilon
  2610 | Temple   | Reached ** piety under Elyvilon
  2644 | D:4      | Noticed a black bear
  2654 | D:4      | Killed a black bear
  3246 | D:4      | Reached skill level 1 in Invocations
  3246 | D:4      | Reached XP level 7. HP: 56/68 MP: 6/8
  3564 | D:4      | Elyvilon protects you from harm!
  3566 | D:4      | Slain by a wight

Illustrated notes

Levels and vault maps discovered:
D:1:      minmay_arrival_four_circles, layout_basic, serial_shops,
          nicolae_shop_getting_attention
D:2:      layout_basic, mrwooster_statue_mirror, nicolae_shop_unique_rings,
          dk_vineyard_3
D:3:      layout_rooms, okawaru_ov_weapons_minmay, serial_shops,
          nicolae_shop_window_shopping, uniq_terence, uniq_robin,
          uniq_crazy_yiuf_cottage
D:4:      layout_loops_corners, minmay_temple_entry_proselytizer,
          enter_ossuary_4, minmay_distorted
Temple:   hellmonk_temple_divided_pantheon

Skill      XL: |  1  2  3  4  5  6 |
---------------+-------------------+-----
Armour         | 1 2 3 |  3.0
Fighting       | 4 5 |  5.9
Dodging        | 3 |  3.5
Invocations    | 1 |  1.8
Long Blades    | |  3.0

Action                     |  1- 3 |  4- 6 |  7- 9 || total
---------------------------+-------+-------+-------++-------
  Melee: Falchion          |    88 |   189 |    18 ||   295
         Flail             |       |       |     1 ||     1
 Invoke: Heal Other        |       |     2 |     1 ||     3
Ability: Spit Poison       |     9 |    14 |     1 ||    24
  Evoke: Wand              |       |     4 |       ||     4
    Use: Scroll            |       |     3 |     2 ||     5
         Potion            |       |     2 |     1 ||     3
 Armour: Robe              |    34 |       |       ||    34
         Chain mail        |    27 |   311 |    28 ||   366
  Dodge: Dodged            |    38 |    99 |    11 ||   148
